 Dungeon Crawl Stone Soup version 0.29.1-15-g9cfb28693d (webtiles) character file.

Game seed: 8597954810729809584

19072 pokedragonboy the Devastator (level 12, -2/59 HPs)
             Began as a Deep Elf Conjurer on Mar 10, 2023.
             Was an Elder of Sif Muna.
             Killed from afar by a red draconian (6 damage)
             ... with a searing blast
             ... in a volcano.
             The game lasted 01:01:20 (16296 turns).

pokedragonboy the Devastator (Deep Elf Conjurer)   Turns: 16296, Time: 01:01:21

Health: -2/59      AC: 14    Str:  4    XL:     12   Next: 33%
Magic:  3/31       EV: 12    Int: 29    God:    Sif Muna [****..]
Gold:   800        SH:  0    Dex: 13    Spells: 10/38 levels left

rFire   + . .      SeeInvis .   c - +2 short sword (protect)
rCold   x . .      Faith    +   (no shield)
rNeg    . . .      Spirit   .   z - +1 steam dragon scales
rPois   .          Reflect  .   J - +0 helmet
rElec   .          Harm     .   b - +0 cloak
rCorr   .          Rampage  .   x - +0 pair of gloves
Will    +....                   r - +0 pair of boots
Stlth   ++........              e - amulet of faith
HPRegen 0.19/turn               E - +4 ring of protection
MPRegen 0.22/turn               l - ring of fire

@: studying Short Blades
A: no striking features
a: Renounce Religion, Channel Magic, Forget Spell, Divine Exegesis


You were in a volcano.
You worshipped Sif Muna.
Sif Muna was greatly pleased with you.
You visited 3 branches of the dungeon, and saw 14 of its levels.
You also visited: Volcano.

You collected 800 gold pieces.

Inventory:

Hand Weapons
 c - a +2 short sword of protection (weapon)
 s - a +0 scythe {Sigmund}
 t - a +0 shortbow of flaming
Missiles
 a - 4 throwing nets
Armour
 b - a +0 cloak (worn)
 r - a +0 pair of boots (worn)
 x - a +0 pair of gloves (worn)
 z - +1 steam dragon scales (worn)
 J - a +0 helmet (worn)
Jewellery
 e - an amulet of faith (around neck)
 l - a ring of fire (right hand)
 o - a ring of wizardry
 q - the dreamshard necklace {*Dream Drain}
   (You found it on level 3 of the Dungeon)

   [amulet of nothing]

   It shatters if its wearer takes lethal or near-lethal damage, preventing the
   blow and releasing protective dreams that heal and fight for the wearer.
   Drain:     It drains your maximum health when unequipped.
 w - a ring of willpower
 y - a ring of positive energy
 D - the amulet of Midnight {Spirit Drain Fly Will+ SInv}
   (You found it on level 8 of the Dungeon)

   [amulet of guardian spirit]

   It causes incoming damage to be divided between your reserves of health and
   magic.
   SInv:      It lets you see invisible.
   Fly:       It grants you flight.
   Drain:     It drains your maximum health when unequipped.
   Will:      It increases your willpower.
 E - a +4 ring of protection (left hand)
Wands
 n - a wand of iceblast (27)
 p - a wand of flame (45)
 C - a wand of polymorph (13)
 G - a wand of quicksilver (1)
Scrolls
 d - 4 scrolls of fog
 h - 2 scrolls of blinking
 i - 9 scrolls of teleportation
 k - 3 scrolls of immolation
 u - a scroll of magic mapping
 F - 2 scrolls of enchant weapon
Potions
 f - a potion of heal wounds
 g - 3 potions of attraction
 j - 3 potions of ambrosia
 m - a potion of invisibility
 v - 4 potions of lignification
 A - 6 potions of curing
 B - a potion of might
 H - 2 potions of berserk rage {unknown}
 K - 2 potions of flight {unknown}
Miscellaneous
 I - a piece from Xom's chessboard (15/15)


   Skills:
 - Level 3.0 Dodging
 - Level 2.4 Stealth
 * Level 13.6 Spellcasting
 * Level 15.7 Conjurations
 - Level 8.0 Hexes
 - Level 4.0 Translocations
 - Level 9.0 Invocations


You had 10 spell levels left.
You knew the following spells:

 Your Spells              Type           Power      Damage    Failure   Level
a - Magic Dart            Conj           100%       1d8       0%          1
b - Searing Ray           Conj           100%       2d8       0%          2
c - Fulminant Prism       Conj/Hex       36%        3d18      1%          4
d - Iskenderun's Mystic   Conj/Tloc      67%        2d14      1%          4
e - Iskenderun's Battles  Conj           84%        2d13      1%          5
f - Fireball              Conj/Fire      39%        3d16      2%          5
g - Orb of Destruction    Conj           42%        9d12      3%          7

Your spell library contained the following spells:

 Spells                   Type           Power      Damage    Failure   Level
 Static Discharge         Conj/Air       60%        3-11/arc  1%          2
 Dazzling Flash           Conj/Hex       100%       N/A       1%          3
 Gell's Gravitas          Tloc           43%        N/A       1%          3
 Lesser Beckoning         Tloc           43%        N/A       1%          3
 Teleport Other           Tloc           43%        N/A       1%          3
 Sticky Flame             Conj/Fire      78%        2d9       1%          4
 Poisonous Vapours        Pois/Air       38%        N/A       3%          2
 Passage of Golubria      Tloc           43%        N/A       4%          4
 Silence                  Hex/Air        21%        N/A       14%         5
 Conjure Ball Lightning   Conj/Air       30%        3x3d10    16%         6
 Corpse Rot               Necr/Pois/Air  19%        N/A       26%         4
 Dispel Undead            Necr           19%        3d11      26%         4
 Lehudib's Crystal Spear  Conj/Erth      30%        10d8      100%        8


Dungeon Overview and Level Annotations

Branches:
Dungeon (12/15)            Temple (1/1) D:4            Lair (1/5) D:11
    Orc (0/2) D:9         Volcano (1/1)

Altars:
Ashenzari
Cheibriados
Dithmenos
Elyvilon
Fedhas
Gozag
Hepliaklqana
Kikubaaqudgha
Makhleb
Nemelex Xobeh
Okawaru
Qazlal
Ru
Sif Muna
Trog
Uskayaw
Vehumet
Wu Jian
Xom
Yredelemnul
Zin
The Shining One

Shops:
D:5 *

Annotations:
D:9 2 transporters, kingofthe's ghost, novice DECj
Lair:1 Joseph


Message History

The mystic blast hits the salamander mystic!
The salamander mystic is heavily wounded.
The salamander mystic is knocked back by the mystic blast.
The mystic blast hits something!
Your battlesphere fires!
The barrage of energy hits the salamander mystic!!
The salamander mystic is almost dead.
Casting: Iskenderun's Mystic Blast (dangerous; 1% risk of failure)
Confirm with . or Enter, or press ? or * to list all spells.
You erupt in a blast of force!
The mystic blast hits something but does no damage.
Your battlesphere fires!
The barrage of energy hits the salamander mystic.
You kill the salamander mystic!
Sif Muna accepts your kill. Something barely misses you.
Casting: Iskenderun's Mystic Blast (safe; 1% risk of failure)
Confirm with . or Enter, or press ? or * to list all spells.
Aiming: Magic Dart (safe; 0% risk of failure)
Press: ? - help, Shift-Dir - straight line The magic dart hits something.
You feel less invigorated. Something hits you but does no damage.
Casting: Magic Dart (safe; 0% risk of failure)
Confirm with . or Enter, or press ? or * to list all spells.
Aiming: Fulminant Prism (safe; 1% risk of failure)
Press: ? - help, Dir - move target You conjure a prism of explosive energy!
A fulminant prism comes into view.
Something hits you! Something burns you.
A salamander comes into view.
It is wielding a +1 arbalest of flaming and wearing a +2 chain mail of fire resistance.
The salamander drinks a potion.
The salamander seems to speed up.
You hear a loud crackle.
The salamander shoots a bolt.
The bolt hits you!!
* * * LOW HITPOINT WARNING * * *
The bolt burns you.
* * * LOW HITPOINT WARNING * * *
You hear a roar.
A searing blast appears from out of thin air!
The searing blast hits you. You resist.
You die...

# # #########N#####
##..............###
.....≈≈.§§§.......
...≈§≈≈≈§§§≈...).###
...≈≈≈≈§≈≈≈≈≈≈.....#
...≈≈≈≈§≈≈≈§§.....##
....≈≈≈§§§≈≈§§.....#
#....§≈≈§≈≈≈§§.*@.#
##....§.≈.≈....{###
#.............#.##
#...##..###..###*#
#.####### ####
##)§≈≈≈# ##.##
!.≈≈≈# ####.#
.$.≈○☼# #§..###
[)§§≈§# §§§∩..##
.§.≈§≈#


You could see a salamander (fast) and a friendly battlesphere.

Vanquished Creatures
  Josephine (D:11)
  A boulder beetle (Lair:1)
  2 hydras
  Erolcha (D:9)
  2 two-headed ogres (D:9)
  A salamander mystic (Volcano)
  Pikel (D:5)
  2 ugly things
  2 salamanders (Volcano)
  2 cyclopes
  2 gargoyles
  A cane toad (Lair:1)
  An unseen horror (D:11)
  A troll (D:10)
  Sigmund (D:3)
  5 wraiths (D:11)
  11 yaks
  3 wyverns
  4 hogs (D:11)
  A vampire (D:11)
  3 steam dragons
  A human (D:11)
  2 vampire mosquitoes (D:11)
  Grum (D:9)
  3 water moccasins
  4 orc warriors
  3 black bears
  An ice beast (D:7)
  An ogre (D:5)
  4 centaurs
  10 wolves
  3 kobold brigands
  A phantom (D:6)
  2 lemures (D:5)
  3 bullfrogs
  3 gnoll sergeants (D:5)
  A scorpion (D:5)
  3 necrophages
  7 wights
  20 killer bees
  5 howler monkeys
  A jelly (D:5)
  4 hounds
  Crazy Yiuf (D:5)
  A gnoll bouda (D:5)
  3 orc priests
  7 iguanas
  6 orc wizards
  Natasha (thrice) (D:3)
  Terence (D:3)
  12 gnolls
  11 adders
  A shadow imp (D:6)
  2 worms
  The ghost of leafyfresh the Sneak, a weakling OpDe (D:5)
  5 dart slugs
  30 orcs
  7 ball pythons
  2 bats
  8 endoplasms
  8 hobgoblins
  7 jackals
  5 quokkas
  5 frilled lizards
  7 goblins
  30 kobolds
  3 rats
  4 bushes (D:10)
  A fulminant prism (D:9)
302 creatures vanquished.

Vanquished Creatures (others)
  A kobold (D:9)
  A butterfly (D:10)
  49 fulminant prisms
  A fungus (D:11)
  13 plants
65 creatures vanquished.

Grand Total: 367 creatures vanquished

Notes
Turn   | Place    | Note
-------+----------+-------------------------------------------
     0 | D:1      | pokedragonboy the Deep Elf Conjurer began the quest for the
                  | Orb.
     0 | D:1      | Reached XP level 1. HP: 10/10 MP: 6/6
   262 | D:1      | Found a faded altar of an unknown god.
   291 | D:1      | Reached XP level 2. HP: 15/15 MP: 2/8
   294 | D:1      | Learned a level 2 spell: Searing Ray
   474 | D:1      | Reached skill level 1 in Hexes
  1032 | D:2      | Reached XP level 3. HP: 19/19 MP: 7/9
  1320 | D:2      | Reached skill level 5 in Conjurations
  1900 | D:3      | Reached XP level 4. HP: 24/24 MP: 7/11
  2074 | D:3      | Noticed Natasha
  2078 | D:3      | Killed Natasha
  2227 | D:3      | Reached XP level 5. HP: 28/28 MP: 4/13
  2324 | D:3      | Learned a level 4 spell: Fulminant Prism
  2364 | D:3      | Found the dreamshard necklace {*Dream Drain}
  2369 | D:3      | Noticed Sigmund
  2565 | D:3      | Learned a level 4 spell: Iskenderun's Mystic Blast
  2577 | D:3      | Noticed Natasha
  2582 | D:3      | Killed Natasha
  2649 | D:3      | Noticed Terence
  2657 | D:3      | Killed Terence
  2658 | D:3      | Reached skill level 6 in Conjurations
  2945 | D:3      | Noticed Natasha
  2948 | D:3      | Killed Natasha
  3160 | D:3      | Killed Sigmund
  3161 | D:3      | Reached skill level 5 in Spellcasting
  3161 | D:3      | Reached XP level 6. HP: 14/32 MP: 3/15
  3423 | D:4      | Identified the -1 pair of boots of Sif Muna's Whim {rN+}
  3645 | D:4      | Found a staircase to the Ecumenical Temple.
  3658 | Temple   | Entered the Ecumenical Temple
  3796 | Temple   | Became a worshipper of Sif Muna the Loreminder
  4214 | D:4      | Reached skill level 7 in Conjurations
  4342 | D:4      | Reached skill level 1 in Invocations
  4342 | D:4      | Reached XP level 7. HP: 36/36 MP: 11/17
  4931 | D:5      | Entered Level 5 of the Dungeon
  4931 | D:5      | Found a transporter.
  4931 | D:5      | Found a transporter.
  4942 | D:5      | Noticed leafyfresh's ghost (weakling OpDe)
  4991 | D:5      | Identified the +1 ring mail of Space {Dex+2}
  5160 | D:5      | Learned a level 5 spell: Iskenderun's Battlesphere
  5359 | D:5      | Reached skill level 5 in Hexes
  5428 | D:5      | You fall into a shaft and drop 2 floors!
  5676 | D:5      | Noticed Pikel
  5686 | D:5      | Killed Pikel
  5687 | D:5      | Reached skill level 8 in Conjurations
  5687 | D:5      | Reached XP level 8. HP: 41/41 MP: 2/20
  5869 | D:5      | Reached * piety under Sif Muna
  6137 | D:5      | Found Kozxuw Xowesch's General Store.
  6457 | D:5      | Found a runed translucent door.
  6458 | D:5      | Noticed Crazy Yiuf
  6673 | D:6      | Reached skill level 9 in Conjurations
  6885 | D:5      | Killed leafyfresh's ghost
  6940 | D:5      | Reached XP level 9. HP: 25/45 MP: 13/22
  7133 | D:5      | Identified the amulet "Gocopuadd" {Spirit Int+2}
  7199 | D:5      | Killed Crazy Yiuf
  7848 | D:7      | Reached skill level 10 in Conjurations
  7929 | D:7      | Reached skill level 5 in Invocations
  8190 | D:7      | Identified a scroll of acquirement
  8192 | D:7      | Acquired an amulet of faith
  8274 | D:7      | Reached ** piety under Sif Muna
  8372 | D:7      | Learned a level 5 spell: Fireball
  8887 | D:8      | Reached skill level 1 in Translocations
  9056 | D:8      | Found an opulent altar of Gozag.
  9062 | D:8      | Reached skill level 11 in Conjurations
  9116 | D:8      | Identified the amulet of Midnight {Spirit Drain Fly Will+
                  | SInv}
  9285 | D:8      | Noticed a six-headed hydra
  9292 | D:8      | Killed a six-headed hydra
  9293 | D:8      | Reached XP level 10. HP: 50/50 MP: 3/25
 10054 | D:9      | Noticed a cyclops
 10054 | D:9      | Found a staircase to the Orcish Mines.
 10078 | D:9      | Noticed a two-headed ogre
 10085 | D:9      | Killed a two-headed ogre
 10086 | D:9      | Noticed Erolcha
 10423 | D:9      | Killed a cyclops
 10424 | D:9      | Reached skill level 12 in Conjurations
 10535 | D:9      | Learned a level 7 spell: Orb of Destruction
 10627 | D:9      | Noticed Grum
 10630 | D:9      | Reached skill level 10 in Spellcasting
 10637 | D:9      | Killed Grum
 10637 | D:9      | Reached *** piety under Sif Muna
 10659 | D:9      | Noticed kingofthe's ghost (novice DECj)
 10664 | D:9      | Noticed a two-headed ogre
 10699 | D:9      | Noticed a centaur warrior
 10706 | D:9      | Noticed a two-headed ogre
 10845 | D:9      | Noticed a two-headed ogre
 10858 | D:9      | Found a transporter.
 10862 | D:9      | Noticed a cyan ugly thing
 10919 | D:9      | Killed Erolcha
 10920 | D:9      | Reached skill level 13 in Conjurations
 10926 | D:9      | Noticed a six-headed hydra
 11015 | D:9      | Killed a six-headed hydra
 11016 | D:9      | Reached XP level 11. HP: 54/54 MP: 17/28
 11175 | D:9      | Noticed a two-headed ogre
 11179 | D:9      | Killed a two-headed ogre
 11325 | D:9      | Found a transporter.
 11928 | D:10     | Entered Level 10 of the Dungeon
 12206 | D:10     | Reached **** piety under Sif Muna
 12498 | D:10     | Noticed a brown ugly thing
 12508 | D:10     | Killed a brown ugly thing
 12683 | D:10     | Found a white marble altar of Elyvilon.
 12697 | D:10     | Reached skill level 14 in Conjurations
 13962 | D:11     | Noticed Josephine
 14187 | D:11     | Killed Josephine
 14513 | D:11     | Identified the +2 ring mail of Goaxkir {rN+ Will+}
 14678 | D:11     | Reached skill level 15 in Conjurations
 14682 | D:11     | Noticed a purple ugly thing
 14696 | D:11     | Killed a purple ugly thing
 14697 | D:11     | Reached XP level 12. HP: 47/59 MP: 0/30
 15259 | D:11     | Found a staircase to the Lair.
 15897 | Lair:1   | Entered Level 1 of the Lair of Beasts
 15932 | Lair:1   | Reached ***** piety under Sif Muna
 15935 | Lair:1   | Noticed a boulder beetle
 15963 | Lair:1   | Killed a boulder beetle
 16067 | Lair:1   | Noticed Joseph
 16081 | Lair:1   | Found a dark tunnel.
 16097 | Volcano  | Entered a volcano
 16258 | Volcano  | Noticed a red draconian
 16296 | Volcano  | Killed from afar by a red draconian

Illustrated notes

Levels and vault maps discovered:
D:1:      erik_arrival_orb_chamber, layout_basic,
          shapermc_ecumenical_altar_mp_vishouse,
          hangedman_decor_clover_reticule, dreamdust_wishing_well
D:2:      layout_basic, minmay_misc_feat_encased, kennysheep_potato
D:3:      layout_basic, uniq_sigmund, uniq_terence, uniq_natasha
D:4:      layout_cave_pods, minmay_temple_entry_arrows
D:5:      kennysheep_spiral_hall, layout_loops_corners, serial_shops,
          nicolae_shop_window_shopping, gammafunk_ghost_gnarly_gnolls,
          uniq_crazy_yiuf_cottage, uniq_pikel
D:6:      layout_cave_pools, minivault_4
D:7:      layout_basic
D:8:      layout_gridville, mainiacjoe_overflow_paths
D:9:      layout_layer_cave, orc_0_dummy, nzn_ghost_randoct, uniq_grum,
          uniq_erolcha
D:10:     layout_basic, nicolae_elyvilon_peaceful_grove
D:11:     layout_layer_cave, david_lair_generic, grunt_livestock,
          minmay_unpleasant_kobolds, uniq_josephine
D:12:     layout_irregular_city, kennysheep_doodads
Temple:   mainiacjoe_temple_big_plus
Lair:1:   layout_regular_city, enter_volcano_2, uniq_joseph
Volcano:  volcano_pools

Skill      XL: |  1  2  3  4  5  6  7  8  9 10 11 12 |
---------------+-------------------------------------+-----
Hexes          | 1 2 4 6 8 |  8.0
Dodging        | 3 |  3.0
Conjurations   | 5 6 7 8 9 11 13 15 | 15.7
Spellcasting   | 4 5 6 7 9 11 12 13 | 13.6
Invocations    | 1 3 4 6 7 8 9 |  9.0
Translocations | 2 4 |  4.0
Stealth        | |  2.4

Action                   |  1- 3 |  4- 6 |  7- 9 | 10-12 || total
-------------------------+-------+-------+-------+-------++-------
Melee: Dagger            |     1 |     3 |       |       ||     4
       Short sword       |       |       |    10 |    10 ||    20
 Cast: Magic Dart        |    59 |    50 |   115 |   110 ||   334
       Searing Ray       |     6 |    15 |    43 |    30 ||    94
       Fulminant Prism   |       |     2 |    17 |    32 ||    51
       Iskenderun's Batt |       |       |     5 |    25 ||    30
       Iskenderun's Myst |       |       |     6 |    38 ||    44
       Fireball          |       |       |     1 |     9 ||    10
Invok: Channel Magic     |       |       |     2 |     4 ||     6
Evoke: Wand              |       |       |       |     2 ||     2
  Use: Potion            |       |     1 |     2 |     3 ||     6
       Scroll            |       |       |    15 |     4 ||    19
Armor: Robe              |     2 |     2 |     8 |       ||    12
       Steam dragon scal |       |       |     9 |    41 ||    50
Dodge: Dodged            |     8 |     7 |    43 |    55 ||   113
